cohdb
Replays
Latest Replays
All Replays
Popular Replays
Top Player Replays
Match Explorer
How It Works
Community
CoH3 Stats
Reddit
Sign in to upload your games and track your stats! →
Sign in with Steam
Match 44505260
Unlisted
Match 44505260
Overview
Messages
Build Orders
End
Construct Infanterie Kompanie
Selects Italian Coastal Battlegroup
Selects Coastal Reserves
Coastal Reserve
MG 42 Machine Gun Team
Coastal Reserve
Coastal Reserve
Coastal Reserve
Selects Artillery Officer
Infanterie Officer Quarters
Construct Luftwaffe Kompanie
Construct Panzergrenadier Kompanie
Support Elements
Medical Bunker
Artillery Officer
Nebelwerfer 42 Rocket Launcher Team
StuG III G Assault Gun
Selects Obice da 210/22 Artillery Emplacement
Panzergrenadier Squad
Panzergrenadier Officer Quarters
Pioneer Squad
StuG III G Assault Gun
Napy
_StArK_
Goodbye Brother
Drink||Chouchen
dan legend
Drink||PiconBiere
0
0
Comments
sign in to comment!
No comments posted yet!